 Dungeon Crawl Stone Soup version 0.26.0-45-g9c1d065592 (webtiles) character file.

Game seed: 6655879923965606256

4126 kaeus the Skirmisher (level 10, -2/80 HPs)
             Began as a Demonspawn Fighter on Jan 29, 2021.
             Was a Priest of Uskayaw.
             Slain by a troll (11 damage)
             ... on level 9 of the Dungeon.
             The game lasted 00:08:27 (8977 turns).

kaeus the Skirmisher (Demonspawn Fighter)           Turns: 8977, Time: 00:08:27

Health: -2/80      AC: 10    Str: 22    XL:     10   Next: 6%
Magic:  0/10       EV: 14    Int: 13    God:    Uskayaw [***...]
Gold:   80         SH: 15    Dex: 20    Spells: 9/9 levels left

rFire    . . .     SeeInvis +   E - +4 hand axe
rCold    . . .     Faith    .   D - +3 kite shield {AC+3}
rNeg     . . .     Spirit   +   a - +1 leather armour "Ylligoin" {*Contam Str+2 Int+3 Dex+8}
rPois    .         Reflect  .   A - +0 helmet {SInv}
rElec    .         Harm     .   (no cloak)
rCorr    .         Rampage  .   q - +0 pair of gloves
Will     .....                  (no boots)
Stlth    +.........             z - amulet of guardian spirit
HPRegen  0.23/turn              (no ring)
MPRegen  0.12/turn              (no ring)

@: agile
A: hooves 2, foul stench 1, powered by pain 1, miasma immunity
a: Renounce Religion, Stomp, Line Pass


You were on level 9 of the Dungeon.
You worshipped Uskayaw.
Uskayaw was noncommittal.
You visited 2 branches of the dungeon, and saw 10 of its levels.

You collected 410 gold pieces.
You spent 330 gold pieces at shops.

Inventory:

Hand Weapons
 E - a +4 hand axe (weapon)
Missiles
 o - 39 poisoned darts
Armour
 a - the +1 leather armour "Ylligoin" (worn) {*Contam Str+2 Int+3 Dex+8}
   (You found it on level 6 of the Dungeon)

   It affects your strength (+2).
   It affects your intelligence (+3).
   It affects your dexterity (+8).
   It causes magical contamination when unequipped.
 q - a +0 pair of gloves (worn)
 A - a +0 helmet of see invisible (worn)
 D - a +3 kite shield of protection (worn)
Magical Staves
 C - an uncursed staff of poison
Jewellery
 z - an amulet of guardian spirit (around neck)
Wands
 b - a wand of paralysis (10)
 t - a wand of iceblast (9)
 y - a wand of acid (9)
Scrolls
 f - a scroll of blinking {unknown}
 g - 6 scrolls of teleportation
 m - 3 scrolls of enchant weapon
 n - 2 scrolls of fear
 p - 4 scrolls of amnesia
 s - 4 scrolls of identify
 v - 4 scrolls of fog
 w - 3 scrolls of remove curse
Potions
 c - a potion of resistance {unknown}
 d - a potion of might
 e - 5 potions of curing
 h - 4 potions of heal wounds
 i - a potion of invisibility {unknown}
 j - a potion of haste {unknown}
 k - a potion of lignification {unknown}
 l - a potion of mutation {unknown}
 u - 2 potions of brilliance {unknown}
 x - 2 potions of cancellation {unknown}
 B - 2 potions of attraction {unknown}


   Skills:
 + Level 7.9 Fighting
 + Level 6.8 Axes
 + Level 7.2 Armour
 + Level 7.3 Shields


You had 9 spell levels left.
You didn't know any spells.
Your spell library was empty.

Dungeon Overview and Level Annotations

Branches:
Dungeon (9/15)             Temple (1/1) D:6
   Lair: D:8-11         Orc: D:9-12

Altars:
Ashenzari
Cheibriados
Dithmenos
Elyvilon
Fedhas
Gozag
Hepliaklqana
Kikubaaqudgha
Nemelex Xobeh
Okawaru
Qazlal
Ru
Sif Muna
Trog
Uskayaw
Vehumet
Wu Jian
Xom
Yredelemnul
Zin
The Shining One

Shops:
D:4 [   D:6 *

Annotations:
D:9 Harold


Innate Abilities, Weirdness & Mutations

You have hoof-like feet.
You may emit foul miasma when damaged in melee.
You sometimes gain a little power by taking damage.
You are immune to miasma.


Message History

The troll claws you but does no damage.
Uskayaw will force your foes to helplessly watch your dance.
Uskayaw prepares the audience for your solo!
You take 14 damage, and have 22/80 hp.
The helpless Harold fails to defend himself.
You hit Harold but do no damage. You kick Harold.
Harold is almost dead.
The helpless troll fails to defend itself.
You hit the troll but do no damage.
Harold is no longer paralysed.
The troll is no longer paralysed.
The troll is engulfed in dark miasma.
The troll is poisoned.
The troll seems to slow down.
You block the troll's attack. x2; The troll misses you.
You completely miss Harold. You kick Harold, but do no damage.
Harold is almost dead.
You hit the troll but do no damage. Harold barely misses you.
The troll is engulfed in dark miasma.
The troll looks even sicker.
The troll bites you!
* * * LOW HITPOINT WARNING * * *
The troll claws you!
You die...

###################
...................
#.......#..#.......
#..................
........(####......
###.#..#.# #.#....
+......# #.#...#
####...####
##...... #.@@T#.
#....... #.#..#.
#.....## # #..#
#....... ....
#.>..... ###+#
....###... ..#.
#.#. . . #...
#####... #...#...


You could see Harold (very poisoned, slow, sick) and a troll (very poisoned,
slow, sick).

Vanquished Creatures
  A two-headed ogre (D:8)
  A gargoyle (D:8)
  A spriggan (D:7)
  Menkaure (D:5)
  2 black bears
  3 sky beasts
  An ice beast (D:8)
  An orc warrior (D:6)
  2 phantoms
  An eye of draining (D:8)
  3 ogres
  2 centaurs
  2 bullfrogs (D:8)
  5 scorpions
  4 wights (D:6)
  A howler monkey (D:6)
  A jelly (D:6)
  A centaur zombie (D:9)
  An iron imp (D:8)
  An orc wizard (D:7)
  A centaur skeleton (D:9)
  6 hounds
  A gnoll shaman (D:5)
  3 orc priests
  Jessica (D:3)
  An iguana (D:8)
  9 worker ants
  2 hound skeletons
  A worker ant zombie (D:6)
  8 adders
  4 gnolls
  A shadow imp (D:8)
  2 white imps
  3 ufetubi
  An ooze (D:1)
  An adder skeleton (D:8)
  4 worms
  A dart slug (D:1)
  7 leopard geckos
  17 orcs
  9 bats
  6 giant cockroaches
  6 goblins
  6 hobgoblins
  3 jackals (D:5)
  9 kobolds
  5 quokkas
  3 ball pythons
  A ball python zombie (D:5)
  4 frilled lizards
  2 goblin skeletons (D:8)
  3 goblin zombies (D:8)
  4 hobgoblin zombies (D:8)
  2 leopard gecko skeletons
  An orc zombie (D:8)
  A quokka skeleton (D:4)
  7 rats
181 creatures vanquished.

Vanquished Creatures (others)
  A leopard gecko (D:3)
  2 goblins (D:3)
3 creatures vanquished.

Grand Total: 184 creatures vanquished

Notes
Turn   | Place    | Note
-------+----------+-------------------------------------------
     0 | D:1      | kaeus the Demonspawn Fighter began the quest for the Orb.
     0 | D:1      | Reached XP level 1. HP: 18/18 MP: 1/1
    86 | D:1      | Gained mutation: You have large cloven feet. [demonic
                  | ancestry]
    86 | D:1      | Reached XP level 2. HP: 23/24 MP: 2/2
   476 | D:1      | Reached XP level 3. HP: 14/29 MP: 3/3
  1674 | D:2      | Gained mutation: You sometimes gain a little power by
                  | taking damage. [demonic ancestry]
  1674 | D:2      | Reached XP level 4. HP: 35/35 MP: 4/4
  2067 | D:3      | Found a radiant altar of Vehumet.
  2081 | D:3      | Noticed Jessica
  2100 | D:3      | Killed Jessica
  2156 | D:3      | Reached XP level 5. HP: 40/42 MP: 5/5
  2213 | D:3      | Found a shimmering altar of Xom.
  2213 | D:3      | Noticed an angel
  2217 | D:3      | Found a glowing silver altar of Zin.
  2337 | D:3      | Found a sacrificial altar of Ru.
  2680 | D:3      | Found a sparkling altar of Nemelex Xobeh.
  2911 | D:4      | Found a blossoming altar of Fedhas.
  2912 | D:4      | Found a basalt altar of Yredelemnul.
  3313 | D:4      | Gained mutation: You have hoof-like feet. [demonic
                  | ancestry]
  3313 | D:4      | Reached XP level 6. HP: 45/48 MP: 6/6
  3350 | D:4      | Found an ornate altar of the Wu Jian Council.
  3529 | D:4      | Found Icaid's Armour Emporium.
  3983 | D:4      | Bought a +2 kite shield of protection for 215 gold pieces
  4011 | D:5      | Entered Level 5 of the Dungeon
  4212 | D:5      | Reached XP level 7. HP: 25/55 MP: 4/7
  4433 | D:5      | Noticed Menkaure
  4437 | D:5      | Killed Menkaure
  4438 | D:5      | Reached skill level 5 in Fighting
  4974 | D:6      | Reached skill level 5 in Shields
  4978 | D:6      | Reached skill level 5 in Armour
  4978 | D:6      | Reached XP level 8. HP: 39/62 MP: 5/8
  5148 | D:6      | Found a blossoming altar of Fedhas.
  5367 | D:6      | Found a white marble altar of Elyvilon.
  5439 | D:6      | Reached skill level 5 in Axes
  5469 | D:6      | Found Abyiroit's General Store.
  6495 | D:6      | Found a staircase to the Ecumenical Temple.
  6590 | Temple   | Entered the Ecumenical Temple
  6717 | Temple   | Became a worshipper of Uskayaw the Reveller
  6779 | D:6      | Got a masterwork leather armour
  6780 | D:6      | Identified the +1 leather armour "Ylligoin" {*Contam Str+2
                  | Int+3 Dex+8} (You found it on level 6 of the Dungeon)
  6830 | D:7      | Reached * piety under Uskayaw
  6895 | D:7      | Reached ** piety under Uskayaw
  7026 | D:7      | Gained mutation: You are immune to miasma. [demonic
                  | ancestry]
  7026 | D:7      | Reached XP level 9. HP: 71/71 MP: 9/9
  7027 | D:7      | Reached *** piety under Uskayaw
  7230 | D:7      | Found a bloodstained altar of Trog.
  7231 | D:7      | Found an iron altar of Okawaru.
  7234 | D:7      | Found a shimmering blue altar of Sif Muna.
  7574 | D:8      | Found a white marble altar of Elyvilon.
  7597 | D:8      | Found a snail-covered altar of Cheibriados.
  7640 | D:8      | Noticed a gargoyle
  7652 | D:8      | Reached **** piety under Uskayaw
  7657 | D:8      | Reached ***** piety under Uskayaw
  7668 | D:8      | Killed a gargoyle
  7848 | D:8      | Noticed a two-headed ogre
  7856 | D:8      | Killed a two-headed ogre
  8374 | D:8      | Gained mutation: You may emit foul miasma when damaged in
                  | melee. [demonic ancestry]
  8374 | D:8      | Reached XP level 10. HP: 80/80 MP: 10/10
  8377 | D:8      | Found a glowing golden altar of the Shining One.
  8709 | D:4      | Bought a +0 helmet of see invisible for 115 gold pieces
  8963 | D:9      | Noticed Harold
  8977 | D:9      | Slain by a troll

Illustrated notes

Levels and vault maps discovered:
D:1:      ebering_trefoil_twist, layout_basic
D:2:      layout_rooms
D:3:      layout_loops_ring, grunt_temple_overflow_order_and_chaos_1,
          fiery_altar_vehumet, nemelex_xobeh_ov_fountains_minmay,
          nicolae_ru_sacrificial_ziggurat, uniq_jessica
D:4:      layout_basic, nzn_wu_jian_council_hall,
          gammafunk_temple_overflow_pools, serial_shops, nicolae_shop_trees
D:5:      layout_loops_cross, uniq_menkaure
D:6:      layout_basic, minmay_temple_entry_enclosed_plants, serial_shops, shop,
          basic_altar, chequers_serial_rivers_room_a, fedhas_altar_fruit_tree
D:7:      layout_cave_pools, grunt_temple_overflow_open, the_bakery
D:8:      layout_cave_pods, slow_altar_1, elyvilon_altar_5,
          nicolae_tso_besieged_by_evil
D:9:      layout_stronghold, bloody_makhleb, gammafunk_ghost_necromancy,
          uniq_gastronok, uniq_harold
Temple:   nicolae_temple_figure_zero

Skill      XL: |  1  2  3  4  5  6  7  8  9 |
---------------+----------------------------+-----
Axes           | 2 3 4 5 6 |  6.8
Armour         | 3 4 5 6 7 |  7.2
Shields        | 3 4 5 6 7 |  7.3
Fighting       | 4 5 6 7 |  7.9

Action                   |  1- 3 |  4- 6 |  7- 9 | 10-12 || total
-------------------------+-------+-------+-------+-------++-------
Melee: War axe           |    71 |   169 |    60 |       ||   300
       Kick              |    11 |    38 |   103 |    27 ||   179
       Hand axe          |       |       |   227 |    54 ||   281
Throw: Dart              |     1 |       |       |       ||     1
  Use: Scroll            |     6 |       |     9 |     1 ||    16
       Potion            |       |       |     1 |     1 ||     2
 Stab: Paralysed         |       |       |     8 |     2 ||    10
       Sleeping          |       |       |     1 |       ||     1
Armor: Scale mail        |    39 |    81 |    73 |       ||   193
       Leather armour    |       |       |    25 |    20 ||    45
Dodge: Dodged            |    18 |    47 |    55 |    18 ||   138
Block: Kite shield       |    44 |    99 |   189 |    40 ||   372
